 Dungeon Crawl Stone Soup version 0.30-a0-43-gbbf338a72c (webtiles) character file.

Game seed: 1715825835119311520

29 lambentLogic the Trooper (level 3, -7/31 HPs)
             Began as a Palentonga Fighter on Aug 31, 2022.
             Mangled by a gnoll
             ... wielding a +0 halberd
              (8 damage)
             ... on level 2 of the Dungeon.
             The game lasted 00:10:31 (1079 turns).

lambentLogic the Trooper (Palentonga Fighter)       Turns: 1079, Time: 00:10:31

Health: -7/31      AC:  6    Str: 23    XL:     3   Next: 1%
Magic:  3/3        EV:  7    Int:  8    God:
Gold:   105        SH:  4    Dex:  9    Spells: 2/2 levels left

rFire   + . .      SeeInvis +    a - +0 flail
rCold   . . .      Faith    .    c - +0 buckler
rNeg    . . .      Spirit   .    b - +0 scale mail
rPois   .          Reflect  .    (no helmet)
rElec   .          Harm     .    (no cloak)
rCorr   .          Rampage  .    (no gloves)
Will    .....                    (no barding)
Stlth   ..........               (no amulet)
HPRegen 0.10/turn                l - ring of protection from fire
MPRegen 0.08/turn                (no ring)

@: weak-willed
A: large, rugged brown scales 3, see invisible, deformed body, roll 1, armoured
tail
a: Rolling Charge


You were on level 2 of the Dungeon.
You visited 1 branch of the dungeon, and saw 2 of its levels.

You collected 105 gold pieces.

Inventory:

Hand Weapons
 a - a +0 flail (weapon)
Missiles
 j - 18 stones
Armour
 b - a +0 scale mail (worn)
 c - a +0 buckler (worn)
 k - a +0 chain mail
Magical Staves
 e - a staff of air
 o - a staff of death
Jewellery
 l - a ring of protection from fire (left hand)
Scrolls
 g - 2 scrolls of identify {unknown}
 m - 2 scrolls of teleportation {unknown}
 p - a scroll of magic mapping {unknown}
 r - a scroll of enchant armour {unknown}
Potions
 d - a potion of might
 h - a potion of haste {unknown}
 i - 3 potions of brilliance {unknown}
 n - a potion of cancellation {unknown}
 q - a potion of curing {unknown}


   Skills:
 + Level 3.2 Fighting
 + Level 2.4 Maces & Flails
 + Level 2.8 Armour
 + Level 0.1 Dodging
 + Level 2.9 Shields


You had 2 spell levels left.
You didn't know any spells.
Your spell library contained the following spells:

 Spells                   Type           Power      Damage    Failure   Level
 Dazzling Flash           Conj/Hex       0%         N/A       99%         3
 Iskenderun's Mystic Bla  Conj/Tloc      0%         2d3       100%        4
 Starburst                Conj/Fire      0%         6d3       100%        6


Dungeon Overview and Level Annotations

Branches:
Dungeon (2/15)

Altars:


Innate Abilities, Weirdness & Mutations

You are completely covered in rugged brown scales. (AC +3, +7% HP)
You have supernaturally acute eyesight. (SInv)
Armour fits poorly on your strangely shaped body.
You can roll at nearby foes to attack.
You have a long armoured tail.


Message History

The gnoll shouts! x2; You hear a shout!
Throw: 19 stones
Press: ? - help, Shift-Dir - straight line, f - gnoll
Aim: a gnoll, wielding a +4 whip of flaming (58% to hit)
You throw a stone. The stone hits the gnoll.
The gnoll is lightly wounded.
Roll where?
Press: ? - help, Q - select action, (/) - cycle Dir - move target, f/p - gnoll
Aim: a gnoll, wielding a +4 whip of flaming (lightly wounded)
You roll forward with a clatter of scales!
You hit the gnoll but do no damage. You tail-slap the gnoll!
You kill the gnoll!
The gnoll closely misses you.
You have reached level 3!
Your experience leads to an increase in your attributes!
Increase (S)trength, (I)ntelligence, or (D)exterity?
Uppercase letters only, please.
You feel stronger. x2
Okay, then.
Roll where?
Press: ? - help, Q - select action, (/) - cycle Dir - move target, f - gnoll
Aim: a gnoll, wielding a +0 halberd and quivering a throwing net You roll forward with a clatter of scales!
A gnoll comes into view. It is wielding a +0 flail.
You barely miss the gnoll.
Your tail-slap misses the gnoll.
The gnoll hits you with a +0 halberd. The gnoll hits you with a +0 halberd!
You hit the gnoll but do no damage. You barely miss the gnoll.
The gnoll closely misses you.
You barely miss the gnoll. The gnoll barely misses you.
The gnoll completely misses you. The gnoll hits you with a +0 flail.
The gnoll hits you with a +0 halberd!
* * * LOW HITPOINT WARNING * * *
You barely miss the gnoll. The gnoll barely misses you.
The gnoll hits you with a +0 halberd.
* * * LOW HITPOINT WARNING * * *
As you read the scroll labelled BERROAW AKUUZAUQ, it crumbles to dust.
Magic quickly surges around you.
It was a scroll of vulnerability.
The gnoll hits you but does no damage. The gnoll hits you with a +0 halberd!
You die...

#...#.###########.#.#
##..# #.##..........#†#
#..####.##.##########.#
###.###....#.#<..# #.#
#..........#.#.#.# #.#
## #..####....#.#.#.###
#.# .# #..#
#....#.#.....# #.# .#
#.## ######.#...#.# #)#
.# #.# #@#####.####.#
.####.# #gg...#......#
.##...# #####.########
.#..#.#########
.>.##.........#
#.###########.# #.##
#.# ...##########.##
)..............#


You could see 2 gnolls.

Vanquished Creatures
  A gnoll (D:2)
  A dart slug (D:1)
  3 bats (D:1)
  2 giant cockroaches (D:1)
  2 goblins
  A hobgoblin (D:1)
  2 ball pythons (D:1)
  A frilled lizard (D:1)
  3 kobolds
  2 rats
18 creatures vanquished.

Vanquished Creatures (others)
  3 fungi (D:1)
  A withered plant (D:1)
4 creatures vanquished.

Grand Total: 22 creatures vanquished

Notes
Turn   | Place    | Note
-------+----------+-------------------------------------------
     0 | D:1      | lambentLogic the Palentonga Fighter began the quest for the
                  | Orb.
     0 | D:1      | Reached XP level 1. HP: 19/19 MP: 1/1
    50 | D:1      | Reached XP level 2. HP: 8/25 MP: 2/2
   133 | D:1      | Found a faded altar of an unknown god.
  1074 | D:2      | Reached XP level 3. HP: 31/31 MP: 3/3
  1078 | D:2      | HP: 1/31 [gnoll/+0 halberd (6)]
  1079 | D:2      | Mangled by a gnoll

Illustrated notes

Levels and vault maps discovered:
D:1:      wander_arrival_peaceful_grave, layout_basic,
          shapermc_ecumenical_altar_gd
D:2:      layout_basic, nicolae_shop_unique_rings, serial_bayou_lake_a

Action                   || total
-------------------------++-------
Melee: Flail             ||    68
       Tailslap          ||     9
Throw: Stone             ||     1
 Abil: Rolling Charge    ||    13
  Use: Scroll            ||     1
Armor: Scale mail        ||    47
Dodge: Dodged            ||    22
Block: Buckler           ||    15

Table legend: (Time is in decaauts)
 A = Elapsed time spent in this place.
 B = Non-inter-level travel time spent in this place.
 C = Inter-level travel time spent in this place.
 D = Time resting spent in this place.
 E = Time spent auto-exploring this place.
 F = Levels seen in this place.
 G = Mean time per level.
                   A        B        C        D        E       F      G
               +--------+--------+--------+--------+--------+-----+--------+
         Total |   1100 |   1075 |     25 |      0 |    270 |   2 |  550.0 |
       Dungeon |   1100 |   1075 |     25 |      0 |    270 |   2 |  550.0 |
               +--------+--------+--------+--------+--------+-----+--------+

Top non-repeatable levels by time:
     D:1: 823 daAuts
     D:2: 276 daAuts
